 Dungeon Crawl Stone Soup version 0.21.1-1-g345015f (webtiles) character file.

9651 troglodite the Carver (level 11, -4/87 HPs)
             Began as a Demonspawn Berserker on Mar 30, 2018.
             Was a High Priest of Trog.
             Slain by a 15-headed hydra (11 damage)
             ... on level 11 of the Dungeon on Apr 2, 2018.
             The game lasted 00:34:24 (12300 turns).

troglodite the Carver (Demonspawn Berserker)       Turns: 12300, Time: 00:34:25

Health: -4/87      AC: 21    Str: 22    XL:     11   Next: 25%
Magic:  11/11      EV: 12    Int:  8    God:    Trog [*****.]
Gold:   466        SH: 19    Dex: 17    Spells: 10/10 levels left

rFire    . . .     SeeInvis .   I - +4 long sword
rCold    . . .     Gourm    .   D - +0 shield
rNeg     + . .     Faith    .   p - +4 scale mail {rPois}
rPois    +         Spirit   .   k - +2 hat
rElec    .         Reflect  +   i - +0 cloak
rCorr    .         Harm     .   d - +2 pair of gloves
MR       .....                  (no boots)
Stlth    +.........             y - +3 amulet of reflection
HPRegen  0.24/turn              g - ring of positive energy
MPRegen  0.12/turn              u - +4 ring of protection

@: mighty, berserk cooldown, slowed, very slow
A: claws 2, large bone plates 1, demonic guardian 1, powered by pain 2
a: Berserk, Trog's Hand, Brothers in Arms, Burn Spellbooks, Renounce Religion


You were on level 11 of the Dungeon.
You worshipped Trog.
Trog was extremely pleased with you.
You were near starving.

You visited 1 branch of the dungeon, and saw 11 of its levels.

You collected 466 gold pieces.

Inventory:

Hand Weapons
 a - a +0 falchion
 I - a +4 long sword (weapon)
Armour
 d - a +2 pair of gloves (worn)
 i - a +0 cloak (worn)
 k - a +2 hat (worn)
 p - a +4 scale mail of poison resistance (worn)
 D - a +0 shield (worn)
Jewellery
 b - an uncursed ring of protection from fire
 g - a ring of positive energy (left hand)
 h - a cursed ring of stealth
 o - an uncursed ring of stealth
 r - an uncursed ring of resist corrosion
 u - a +4 ring of protection (right hand)
 y - a +3 amulet of reflection (around neck)
 C - an uncursed ring of see invisible
Wands
 z - a wand of clouds (5)
 F - a wand of scattershot (3)
 G - a wand of paralysis (8)
 M - a wand of enslavement (14)
Scrolls
 e - 5 scrolls of remove curse
 l - a scroll of blinking {unknown}
 n - 2 scrolls of enchant weapon {unknown}
 q - a scroll of random uselessness {unknown}
 w - 2 scrolls of teleportation {unknown}
 x - 3 scrolls of fog {unknown}
Potions
 f - a potion of agility
 j - 2 potions of heal wounds
 m - 3 potions of curing
 t - 2 potions of resistance
 v - 2 potions of haste {unknown}
 A - 2 potions of berserk rage {unknown}
 B - a potion of invisibility {unknown}
 E - a potion of flight {unknown}
 H - a potion of magic {unknown}
 J - a potion of ambrosia {unknown}
Books
 K - a book of Necromancy

   Spells                             Type                      Level
   a - Pain                           Necromancy                   1
   b - Animate Skeleton               Necromancy                   1
   c - Vampiric Draining              Necromancy                   3
   d - Regeneration                   Charms/Necromancy            3
   e - Animate Dead                   Necromancy                   4
   f - Borgnjor's Vile Clutch         Necromancy/Earth             5
   Trog disapproves of the use of such an item.
Comestibles
 c - 16 rations
 L - 7 chunks of flesh


   Skills:
 * Level 8.7 Fighting
   Level 0.8(5.7) Short Blades
 + Level 9.2 Long Blades
 + Level 5.4 Armour
 + Level 4.9 Dodging
 + Level 3.5 Stealth
 * Level 8.5 Shields


You had 10 spell levels left.
You didn't know any spells.

Dungeon Overview and Level Annotations

Branches:
Dungeon (11/15)            Temple (0/1) D:5            Lair (0/6) D:10
    Orc: D:9-12

Altars:
Elyvilon
Fedhas
Gozag
Makhleb
Nemelex Xobeh
Okawaru
Uskayaw
Wu Jian
The Shining One

Shops:
D:6 [   D:7 =


Innate Abilities, Weirdness & Mutations

You have very sharp fingernails.
You are partially covered in large bone plates. (SH +4)
A weak demonic guardian rushes to your aid.
You sometimes gain power by taking damage.


Message History

The 15-headed hydra bites you but does no damage.
Your shadow imp hits the 15-headed hydra.
The 15-headed hydra bites you. You block the 15-headed hydra's attack.
The 15-headed hydra bites you. The 15-headed hydra closely misses you.
The 15-headed hydra bites you. The 15-headed hydra bites you!
* * * LOW HITPOINT WARNING * * *
You block the 15-headed hydra's attack.
The 15-headed hydra bites you but does no damage.
The 15-headed hydra closely misses you.
The 15-headed hydra bites you but does no damage.
You block the 15-headed hydra's attack.
The 15-headed hydra bites you but does no damage.
The 15-headed hydra bites you.
* * * LOW HITPOINT WARNING * * *
You block the 15-headed hydra's attack.
The 15-headed hydra bites you but does no damage.
The 15-headed hydra bites you!
* * * LOW HITPOINT WARNING * * *
You block the 15-headed hydra's attack. x3; The 15-headed hydra bites you!
You die...

### .... ..#
#.. #<# #..
#.# #.. #.#
##... #.# #.#
...# #.# #<#
#<.# #.#####.#
#..# #[.5D@..#
#..##
#.#######
##...## #.#
#.....### #5#
........####.#
......#....?.#
#####...######
#####


You could see a 15-headed hydra and a friendly shadow imp.

Vanquished Creatures
  2 two-headed ogres
  Pikel (D:6)
  2 hornets (D:8)
  Grinder (D:5)
  Sigmund (D:5)
  A wyvern (D:9)
  5 yaks (D:11)
  Grum (D:11)
  A vampire (D:10)
  A hungry ghost (D:7)
  2 steam dragons (D:6)
  Edmund (D:6)
  A soldier ant (D:8)
  2 porcupines (D:10)
  4 ice beasts
  2 orc warriors
  A phantom (D:5)
  A black bear (D:10)
  A sky beast (D:4)
  3 wolves (D:11)
  5 centaurs
  3 ogres
  3 crocodiles
  2 big kobolds
  Blork the orc (D:5)
  7 bullfrogs
  3 scorpions
  A wyvern skeleton (D:11)
  3 howler monkeys
  2 electric eels (D:10)
  2 crimson imps
  2 quasits
  A centaur zombie (D:7)
  5 jellies
  3 centaur skeletons
  2 hounds
  5 orc priests
  2 bullfrog skeletons (D:6)
  6 iguanas
  4 orc wizards
  7 worker ants
  A killer bee zombie (D:6)
  2 hound zombies (D:6)
  A hound skeleton (D:7)
  A howler monkey zombie (D:6)
  A worker ant zombie (D:6)
  8 gnolls
  A howler monkey skeleton (D:6)
  11 adders
  A shadow imp (D:6)
  4 oozes
  2 adder skeletons
  2 adder zombies
  2 worms
  3 dart slugs
  9 leopard geckos
  26 orcs
  2 ball pythons
  8 bats
  7 giant cockroaches
  4 goblins
  6 hobgoblins
  10 jackals
  13 kobolds
  2 quokkas
  5 frilled lizards
  A jackal skeleton (D:5)
  A quokka skeleton (D:6)
  A quokka zombie (D:6)
  3 rats
  A fungus (D:10)
  A withered plant (D:6)
243 creatures vanquished.

Vanquished Creatures (collateral kills)
  A deep elf mage (D:10)
  Psyche (D:8)
  Prince Ribbit (D:7)
  A hungry ghost (D:9)
  2 ice beasts (D:9)
  3 bullfrogs
  A jelly (D:7)
  An orc (D:9)
  7 kobolds
18 creatures vanquished.

Vanquished Creatures (others)
  A slave (D:6)
  A bullfrog (D:6)
  An adder skeleton (D:6)
  11 fungi
14 creatures vanquished.

Grand Total: 275 creatures vanquished

Notes
Turn   | Place    | Note
-------+----------+-------------------------------------------
     0 | D:1      | troglodite the Demonspawn Berserker began the quest for the Orb.
     0 | D:1      | Reached XP level 1. HP: 18/18 MP: 1/1
   136 | D:1      | Reached skill level 3 in Long Blades
   137 | D:1      | Gained mutation: You have sharp fingernails. [demonic ancestry]
   137 | D:1      | Reached XP level 2. HP: 24/24 MP: 2/2
   642 | D:2      | Noticed an ogre
   651 | D:2      | Killed an ogre
   651 | D:2      | Reached XP level 3. HP: 25/30 MP: 3/3
   651 | D:2      | Reached XP level 4. HP: 30/37 MP: 4/4
   749 | D:2      | Reached ** piety under Trog
   873 | D:2      | Gained mutation: You sometimes gain a little power by taking damage. [demonic ancestry]
   873 | D:2      | Reached XP level 5. HP: 42/42 MP: 5/5
   994 | D:2      | Reached skill level 4 in Long Blades
  1601 | D:3      | Reached skill level 1 in Stealth
  1845 | D:3      | Reached *** piety under Trog
  1845 | D:3      | Reached XP level 6. HP: 49/49 MP: 6/6
  2230 | D:4      | Noticed a sky beast
  2245 | D:4      | Killed a sky beast
  2379 | D:4      | Reached skill level 5 in Long Blades
  2587 | D:4      | Reached XP level 7. HP: 41/55 MP: 7/7
  2804 | D:4      | Reached skill level 5 in Fighting
  3235 | D:5      | Entered Level 5 of the Dungeon
  3235 | D:5      | Noticed Sigmund
  3249 | D:5      | Noticed Blork the orc
  3250 | D:5      | Killed Sigmund
  3358 | D:5      | Killed Blork the orc
  3694 | D:5      | Reached skill level 6 in Long Blades
  3915 | D:5      | Gained mutation: You have very sharp fingernails. [demonic ancestry]
  3915 | D:5      | Reached XP level 8. HP: 63/63 MP: 8/8
  4284 | D:5      | Found a staircase to the Ecumenical Temple.
  4290 | D:5      | Reached **** piety under Trog
  4676 | D:5      | Noticed Grinder
  4690 | D:5      | Paralysed by Grinder for 6 turns
  4707 | D:5      | Paralysed by Grinder for 7 turns
  4729 | D:5      | Killed Grinder
  4729 | D:5      | Reached skill level 1 in Shields
  5140 | D:5      | Found a blossoming altar of Fedhas.
  5144 | D:5      | Found a white marble altar of Elyvilon.
  5145 | D:5      | Found an ornate altar of the Wu Jian Council.
  5145 | D:5      | Found a sparkling altar of Nemelex Xobeh.
  5145 | D:5      | Found a hide-covered altar of Uskayaw.
  5146 | D:5      | Found a burning altar of Makhleb.
  5149 | D:5      | Found a glowing golden altar of the Shining One.
  5150 | D:5      | Found an opulent altar of Gozag.
  5292 | D:6      | Reached skill level 7 in Long Blades
  5377 | D:6      | Gained mutation: You are partially covered in large bone plates. (SH +4) [demonic ancestry]
  5377 | D:6      | Reached XP level 9. HP: 69/71 MP: 9/9
  5434 | D:6      | Noticed Edmund
  5466 | D:6      | Killed Edmund
  5576 | D:6      | Found Vedoovumm's Antique Armour Boutique.
  5728 | D:6      | Noticed Pikel
  5746 | D:6      | Killed Pikel
  5891 | D:6      | Reached skill level 5 in Shields
  6451 | D:7      | Found Futhumet's Jewellery Shoppe.
  6643 | D:7      | Noticed Prince Ribbit
  6659 | D:7      | Killed Prince Ribbit
  6713 | D:7      | Reached skill level 8 in Long Blades
  7015 | D:7      | Gained mutation: A weak demonic guardian rushes to your aid. [demonic ancestry]
  7015 | D:7      | Reached XP level 10. HP: 79/79 MP: 10/10
  7621 | D:8      | Noticed Psyche
  7632 | D:8      | Killed Psyche
  7779 | D:8      | Paralysed by a hornet for 3 turns
  8277 | D:8      | Noticed a two-headed ogre
  8289 | D:8      | Killed a two-headed ogre
  8451 | D:8      | Found an iron altar of Okawaru.
  9124 | D:9      | Reached ***** piety under Trog
 10011 | D:10     | Entered Level 10 of the Dungeon
 10013 | D:10     | Found a staircase to the Lair.
 10029 | D:10     | Found an opulent altar of Gozag.
 10047 | D:10     | Noticed a deep elf mage
 10048 | D:10     | Noticed an orange demon
 10051 | D:10     | Noticed an orange demon
 10055 | D:10     | Reached skill level 5 in Armour
 10073 | D:10     | Killed a deep elf mage
 10589 | D:10     | Gained mutation: You sometimes gain power by taking damage. [demonic ancestry]
 10589 | D:10     | Reached XP level 11. HP: 79/86 MP: 11/11
 10619 | D:10     | Noticed a two-headed ogre
 10627 | D:10     | Killed a two-headed ogre
 10627 | D:10     | Reached skill level 9 in Long Blades
 12071 | D:11     | Noticed Grum
 12087 | D:11     | Killed Grum
 12213 | D:11     | Noticed a seven-headed hydra
 12300 | D:11     | Slain by a 15-headed hydra

Skill      XL: |  1  2  3  4  5  6  7  8  9 10 11 |
---------------+----------------------------------+-----
Long Blades    | 3 4 5 6 7 8 9 |  9.2
Dodging        | 2 3 4 |  4.9
Fighting       | 4 5 6 7 8 |  8.7
Armour         | 2 3 4 5 |  5.4
Stealth        | 1 2 3 |  3.5
Shields        | 2 6 8 |  8.5
Short Blades   | |  0.8

Action                   |  1- 3 |  4- 6 |  7- 9 | 10-12 || total
-------------------------+-------+-------+-------+-------++-------
Melee: Falchion          |    66 |   206 |   573 |   248 ||  1093
       Short sword       |       |       |       |    82 ||    82
       Long sword        |       |       |       |   165 ||   165
Invok: Berserk           |     1 |     4 |    12 |    11 ||    28
       Burn Spellbooks   |       |       |     1 |       ||     1
       Brothers in Arms  |       |       |     1 |     1 ||     2
  Use: Scroll            |       |       |     5 |     3 ||     8
 Stab: Sleeping          |       |     4 |     9 |     2 ||    15
       Distracted        |       |       |       |     2 ||     2
  Eat: Chunk             |       |    10 |    10 |    22 ||    42
       Ration            |       |       |     5 |     2 ||     7
Armor: Animal skin       |    26 |    15 |       |       ||    41
       Ring mail         |       |    85 |   108 |       ||   193
       Scale mail        |       |       |    82 |   162 ||   244
       Plate armour      |       |       |    78 |       ||    78
Dodge: Dodged            |    60 |   153 |   240 |   134 ||   587
Block: Shield            |       |       |   345 |   434 ||   779
       Reflection        |       |       |     3 |     4 ||     7
       Rpst.: Falchion   |    20 |    48 |    58 |    24 ||   150
       Long sword        |       |       |       |     8 ||     8
